 Dungeon Crawl Stone Soup version 0.28-a0-794-gafe8c5f9e9 (webtiles) character file.

Game seed: 12405199743234918252

63 kae the Caller (level 4, -6/25 HPs)
             Began as a Tengu Summoner on Nov 5, 2021.
             Mangled by a worm (9 damage)
             ... on level 3 of the Dungeon.
             The game lasted 00:01:31 (2177 turns).

kae the Caller (Tengu Summoner)                     Turns: 2177, Time: 00:01:32

Health: -6/25      AC:  2    Str:  8    XL:     4   Next: 9%
Magic:  7/8        EV: 12    Int: 16    God:
Gold:   38         SH:  0    Dex: 15    Spells: 2/8 levels left

rFire   . . .      SeeInvis .   c - +1 whip (venom)
rCold   . . .      Faith    .   (no shield)
rNeg    . . .      Spirit   .   a - +0 robe
rPois   .          Reflect  .   (helmet restricted)
rElec   .          Harm     .   (no cloak)
rCorr   .          Rampage  .   (no gloves)
Will    .....                   (boots unavailable)
Stlth   ++........              (no amulet)
HPRegen 0.08/turn               (no ring)
MPRegen 0.11/turn               (no ring)

@: no status effects
A: beak, talons 3
a: no special abilities


You were on level 3 of the Dungeon.
You visited 1 branch of the dungeon, and saw 3 of its levels.

You collected 57 gold pieces.
You spent 19 gold pieces at shops.

Inventory:

Hand Weapons
 c - a +1 whip of venom (weapon)
Armour
 a - a +0 robe (worn)
Scrolls
 d - a scroll of enchant weapon
Potions
 b - 2 potions of curing
 e - a potion of lignification {unknown}


   Skills:
 + Level 1.6 Fighting
 - Level 2.1 Dodging
 - Level 2.0 Stealth
 + Level 2.5 Spellcasting
 * Level 5.8 Summonings


You had 2 spell levels left.
You knew the following spells:

 Your Spells              Type           Power      Damage    Failure   Level
a - Summon Small Mammal   Summ           80%        N/A       1%          1
b - Call Imp              Summ           20%        N/A       2%          2
c - Call Canine Familiar  Summ           20%        N/A       5%          3

Your spell library contained the following spells:

 Spells                   Type           Power      Damage    Failure   Level
 Animate Skeleton         Necr           4%         N/A       21%         1
 Pain                     Necr           8%         1d4       21%         1
 Corpse Rot               Necr/Air       4%         N/A       30%         2
 Poisonous Vapours        Pois/Air       4%         N/A       30%         2
 Summon Guardian Golem    Hex/Summ       11%        N/A       19%         3
 Vampiric Draining        Necr           2%         2d6       52%         3
 Summon Lightning Spire   Summ/Air       11%        N/A       52%         4


Dungeon Overview and Level Annotations

Branches:
Dungeon (3/15)

Altars:
Hepliaklqana

Shops:
D:1 *


Innate Abilities, Weirdness & Mutations

You have a beak for a mouth.
You have claws for feet.


Message History

Confirm with . or Enter, or press ? or * to list all spells.
A beastly little devil appears in a puff of frigid air.
The orc shouts!
You hear a shout! x2
An orc comes into view. It is wielding a +0 mace.
The orc hits you with a +0 hand axe!
An orc comes into view. It is wielding a +0 whip.
Your white imp gestures at the orc.
The puff of frost hits the orc!
The orc dies!
You have reached level 4!
You feel agile.
You see here 25 bolts.
Unknown command.
You barely miss the orc. You claw the orc.
The orc is severely wounded.
The orc misses you.
Your white imp gestures at the orc.
The puff of frost hits the orc!
The orc dies!
You barely miss the orc. The orc hits you with a +0 whip.
A worm comes into view.
You hit the orc. Your peck misses the orc.
The orc is almost dead.
The orc barely misses you.
Your white imp gestures at the orc.
The puff of frost hits the orc!
The orc dies!
There is a fountain of clear blue water here.
Your white imp disappears in a puff of smoke!
You completely miss the worm. You hit the worm but do no damage.
The worm closely misses you.
You hit the worm.
The worm is poisoned.
You claw the worm.
The worm is heavily wounded.
The worm bites you!
* * * LOW HITPOINT WARNING * * *
You hit the worm.
The worm looks as sick as possible!
Your kick misses the worm. You peck the worm.
The worm is almost dead.
The worm bites you!
You die...

#...#####
##.##...##
#.#.8.8.#
#.#.._..#
#.#...8.#
+#.#'...##
.#####(.)#####..
......).⌠........
..#####..@#####..
+#w#+ #.# #.# #.#
#.# ... ..


You could see a worm (extremely poisoned).

Vanquished Creatures
  An adder (D:2)
  4 dart slugs
  2 ball pythons
  An endoplasm (D:2)
  2 giant cockroaches (D:2)
  A goblin (D:2)
  4 hobgoblins
  4 kobolds
  2 quokkas
  A bat (D:1)
  A frilled lizard (D:1)
  A rat (D:2)
24 creatures vanquished.

Vanquished Creatures (collateral kills)
  3 orcs (D:3)
  2 ball pythons
  A bat (D:1)
  3 goblins
  3 hobgoblins (D:1)
  A kobold (D:1)
  A rat (D:2)
14 creatures vanquished.

Grand Total: 38 creatures vanquished

Notes
Turn   | Place    | Note
-------+----------+-------------------------------------------
     0 | D:1      | kae the Tengu Summoner began the quest for the Orb.
     0 | D:1      | Reached XP level 1. HP: 10/10 MP: 4/4
    64 | D:1      | Reached skill level 5 in Summonings
   258 | D:1      | Reached XP level 2. HP: 16/16 MP: 4/6
   493 | D:1      | Found Nuhuoq's Assorted Antiques.
   503 | D:1      | Bought a scroll labelled DONTO MOSM for 19 gold pieces
   736 | D:1      | Reached skill level 1 in Fighting
  1037 | D:2      | Reached XP level 3. HP: 16/20 MP: 4/7
  1930 | D:2      | Found a faded altar of an unknown god.
  1956 | D:2      | Learned a level 2 spell: Call Imp
  1960 | D:2      | Learned a level 3 spell: Call Canine Familiar
  2136 | D:3      | Found a hazy altar of Hepliaklqana.
  2161 | D:3      | Reached XP level 4. HP: 16/25 MP: 5/8
  2177 | D:3      | Mangled by a worm

Illustrated notes

Levels and vault maps discovered:
D:1:      sevenhm_arrival_forest_fort_small_3, layout_rooms, serial_shops,
          nicolae_lakefront_shop, kennysheep_another_room
D:2:      layout_loops_cross, shapermc_ecumenical_altar_mp_ritualfount
D:3:      layout_rooms, nicolae_overflow_crystal_walls,
          grunt_temple_overflow_cloverleaf, st_stairs_7

Skill      XL: |  1  2 |
---------------+-------+-----
Summonings     | 5 |  5.8
Fighting       | 1 |  1.6
Dodging        | |  2.1
Stealth        | |  2.0
Spellcasting   | |  2.5

Action                   |  1- 3 |  4- 6 || total
-------------------------+-------+-------++-------
Melee: Unarmed           |    29 |       ||    29
       Kick              |    13 |     2 ||    15
       Peck              |     6 |     1 ||     7
       Whip              |    35 |     7 ||    42
 Cast: Summon Small Mamm |    28 |       ||    28
       Call Imp          |     2 |       ||     2
  Use: Scroll            |     4 |       ||     4
       Potion            |     1 |       ||     1
 Stab: Sleeping          |     3 |       ||     3
Armor: Robe              |     8 |       ||     8
Dodge: Dodged            |    41 |     3 ||    44

Table legend: (Time is in decaauts)
 A = Elapsed time spent in this place.
 B = Non-inter-level travel time spent in this place.
 C = Inter-level travel time spent in this place.
 D = Time resting spent in this place.
 E = Time spent auto-exploring this place.
 F = Levels seen in this place.
 G = Mean time per level.
                   A        B        C        D        E       F      G
               +--------+--------+--------+--------+--------+-----+--------+
         Total |   2180 |   2115 |     65 |    256 |   1530 |   3 |  726.7 |
       Dungeon |   2180 |   2115 |     65 |    256 |   1530 |   3 |  726.7 |
               +--------+--------+--------+--------+--------+-----+--------+

Top non-repeatable levels by time:
     D:2: 1272 daAuts
     D:1: 847 daAuts
     D:3: 60 daAuts
